 Dungeon Crawl Stone Soup version 0.23-a0-644-gb60d84b635 (webtiles) character file.

50 LLavrengius the Sneak (level 3, -2/26 HPs)
             Began as an Octopode Fighter on Jan 2, 2019.
             Slain by Grinder (5 damage)
             ... on level 3 of the Dungeon.
             The game lasted 00:05:06 (1436 turns).

LLavrengius the Sneak (Octopode Fighter)            Turns: 1436, Time: 00:05:07

Health: -2/26      AC:  8    Str: 15    XL:     3   Next: 79%
Magic:  3/3        EV: 10    Int: 11    God:
Gold:   86         SH:  7    Dex: 11    Spells: 2/2 levels left

rFire    . . .     SeeInvis .   j - +1 short sword (protect)
rCold    . . .     Gourm    .   b - +0 shield
rNeg     . . .     Faith    .   (helmet restricted)
rPois    .         Spirit   .   (no amulet)
rElec    .         Reflect  .   (no ring)
rCorr    .         Harm     .   (no ring)
MR       .....                  (no ring)
Stlth    +++.......             (no ring)
HPRegen  0.08/turn              (no ring)
MPRegen  0.08/turn              (no ring)
                                (no ring)
                                (no ring)

@: protection aura, heavily drained
A: almost no armour, stealthy swim, amphibious, 8 rings, constrict 8, camouflage
1, gelatinous body 1
a: no special abilities


You were on level 3 of the Dungeon.
You were hungry.

You visited 1 branch of the dungeon, and saw 3 of its levels.

You collected 86 gold pieces.

Inventory:

Hand Weapons
 a - a +0 rapier
 j - a +1 short sword of protection (weapon)
Missiles
 i - 19 sling bullets
Armour
 b - a +0 shield (worn)
Scrolls
 e - 4 scrolls of random uselessness {unknown}
 h - 2 scrolls of remove curse {unknown}
 k - 2 scrolls of identify {unknown}
 l - a scroll of enchant armour {unknown}
Potions
 c - 2 potions of might
 f - a potion of agility {unknown}
 g - a potion of degeneration {unknown}
 m - 2 potions of resistance {unknown}
Comestibles
 d - 4 rations


   Skills:
 - Level 3.0(1.7) Fighting
 + Level 3.1(1.9) Short Blades
 - Level 3.0(1.7) Dodging
 + Level 3.3(2.0) Stealth
 - Level 3.0(1.7) Shields


You had 2 spell levels left.
You didn't know any spells.
Your spell library was empty.

Dungeon Overview and Level Annotations

Branches:
Dungeon (3/15)

Altars:

Annotations:
D:3 1 runed door, Grinder


Innate Abilities, Weirdness & Mutations

You cannot wear most types of armour.
You are very stealthy in the water. (Stealth+)
You are amphibious.
You can wear up to eight rings at the same time.
You can use your tentacles to constrict eight enemies at once.
Your skin changes colour to match your surroundings (Stealth+).
Your rubbery body absorbs attacks. (AC +1, EV +1)


Message History

You are too injured to fight recklessly!
You are too injured to fight recklessly!
Grinder barely misses you.
You closely miss Grinder. Your grab misses Grinder. Grinder barely misses you.
You hit Grinder.
Your weapon exudes an aura of protection.
You grab Grinder.
Grinder is lightly wounded.
You constrict Grinder, but do no damage.
Grinder hits you.
You hit Grinder.
Grinder is lightly wounded.
You constrict Grinder. Grinder hits you.
* * * LOW HITPOINT WARNING * * *
You writhe in agony.
* * * LOW HITPOINT WARNING * * *
You hit Grinder but do no damage.
Grinder is lightly wounded.
You constrict Grinder. Grinder hits you.
You die...

## .# ######## .#
##..†...#
##.######...###.#
#.........#.....#
#..######...##..#
#5.# ##.###....
#@.# #.# #.###
#.######..#
#####.###.###
#.....)..(#
#...........#
...######.#
#.###.###.#.# #.#
#.##.........
#<###.##..###.#.#
#.#.......# #.#..
#.#.......# #....
#.........#####..


You could see Grinder.

Vanquished Creatures
  A dart slug (D:2)
  2 leopard geckos
  7 bats
  2 giant cockroaches
  5 hobgoblins
  4 jackals
  9 frilled lizards
  6 goblins
  6 kobolds
  2 rats (D:1)
44 creatures vanquished.

Notes
Turn   | Place    | Note
-------+----------+-------------------------------------------
     0 | D:1      | LLavrengius the Octopode Fighter began the quest for the
                  | Orb.
     0 | D:1      | Reached XP level 1. HP: 16/16 MP: 1/1
    54 | D:1      | Reached skill level 1 in Stealth
   348 | D:1      | Reached XP level 2. HP: 21/21 MP: 2/2
   548 | D:1      | You fall through a shaft!
   781 | D:2      | Reached XP level 3. HP: 25/26 MP: 3/3
  1372 | D:3      | Found a runed door.
  1427 | D:3      | Noticed Grinder
  1436 | D:3      | Slain by Grinder

Vault maps used:
D:1:      eino_arrival_cavern_d, minmay_lizard_pond
D:2:      minmay_misc_feat_five
D:3:      marbit_many_paths, gammafunk_temple_overflow_wave, first_ration,
          ebering_ghost_sewer_d, okawaru_ov_weapons_minmay, uniq_grinder

Skill      XL: |  1  2  3 |
---------------+----------+-----
Stealth        | 1 2 3 |  3.3
Short Blades   | 3 |  3.1
Fighting       | |  3.0
Dodging        | |  3.0
Shields        | |  3.0

Action                   || total
-------------------------++-------
Melee: Rapier            ||    22
       Constrict         ||    28
       Short sword       ||    68
       Tentacles         ||    10
 Stab: Sleeping          ||     4
  Eat: Chunk             ||     1
Armor: Skin              ||    11
Dodge: Dodged            ||    43
Block: Shield            ||    33

Table legend:
 A = Non-vault XP
 B = Vault XP
 C = Vault XP percentage of total XP
 D = Non-vault monster count
 E = Vault monster count
 F = Vault count percentage of total count
                 A         B        C        D         E       F
            +---------+---------+-------+---------+---------+-------
      Total |      65 |       7 |   9.7 |      37 |       7 |  15.9
            +---------+---------+-------+---------+---------+-------
        D:1 |      22 |       7 |  24.1 |      14 |       7 |  33.3
        D:2 |      32 |       0 |   0.0 |      17 |       0 |   0.0
        D:3 |      11 |       0 |   0.0 |       6 |       0 |   0.0
            +---------+---------+-------+---------+---------+-------
